 Dungeon Crawl Stone Soup version 0.24.0-2-g5b39cebb1c (console) character file.

Game seed: 3966918154603737694, levelgen mode: deterministic

2086 Kagalorn the Thaumaturge (level 9, -2/65 HPs)
             Began as a Gnoll Wizard on Oct 31, 2019.
             Slain by a sky beast (6 damage)
             ... on level 5 of the Dungeon.
             The game lasted 00:26:24 (5703 turns).

Kagalorn the Thaumaturge (Gnoll Wizard)             Turns: 5703, Time: 00:26:25

Health: -2/65      AC:  6    Str: 10    XL:     9   Next: 27%
Magic:  1/21       EV: 15    Int: 27    God:
Gold:   216        SH:  0    Dex: 14    Spells: 18/24 levels left

rFire    . . .     SeeInvis .   c - +0 hand axe
rCold    . . .     Gourm    .   (no shield)
rNeg     . . .     Faith    .   A - +0 leather armour
rPois    .         Spirit   .   u - +1 helmet
rElec    .         Reflect  .   v - +0 cloak
rCorr    .         Harm     .   (no gloves)
MR       .....                  (no boots)
Stlth    ++........             (no amulet)
HPRegen  0.20/turn              r - ring of attention
MPRegen  0.17/turn              F - +4 ring of intelligence

@: no status effects
A: distributed training, fangs 1, strong nose
a: no special abilities


You were on level 5 of the Dungeon.
You were hungry.

You visited 1 branch of the dungeon, and saw 6 of its levels.

You collected 216 gold pieces.

Inventory:

Hand Weapons
 c - a +0 hand axe (weapon)
 p - a -3 mace
Missiles
 g - 110 bolts
 j - 101 stones (quivered)
 s - 126 sling bullets
 D - 48 arrows
Armour
 a - a +0 robe
 l - a +0 ring mail
 u - a +1 helmet (worn)
 v - a +0 cloak (worn)
 A - a +0 leather armour (worn)
Jewellery
 r - a ring of attention (left hand)
 y - an uncursed ring of fire
 C - an uncursed ring of positive energy
 F - a +4 ring of intelligence (right hand)
 G - an uncursed amulet of the gourmand {unknown}
Scrolls
 b - a scroll of immolation
 f - 3 scrolls of fog
 m - 3 scrolls of identify
 o - a scroll of enchant armour
 z - 3 scrolls of teleportation
Potions
 e - a potion of heal wounds
 h - a potion of haste
 i - 3 potions of curing
 k - 3 potions of brilliance {unknown}
 q - a potion of might {unknown}
 t - a potion of ambrosia {unknown}
 x - a potion of mutation {unknown}
 B - a potion of berserk rage {unknown}
Comestibles
 d - 9 rations
 n - 3 chunks of flesh


   Skills:
 + Level 4.0 Fighting
 + Level 4.0 Short Blades
 + Level 4.0 Long Blades
 + Level 4.0 Axes
 + Level 4.0 Maces & Flails
 + Level 4.0 Polearms
 + Level 4.0 Staves
 + Level 4.0 Slings
 + Level 4.0 Bows
 + Level 4.0 Crossbows
 + Level 4.0 Throwing
 + Level 4.0 Armour
 + Level 6.1 Dodging
 + Level 5.8 Stealth
 + Level 4.0 Shields
 + Level 4.0 Unarmed Combat
 + Level 8.3 Spellcasting
 + Level 4.0 Conjurations
 + Level 3.3 Hexes
 + Level 3.3 Charms
 + Level 4.0 Summonings
 + Level 3.3 Necromancy
 + Level 4.0 Translocations
 + Level 3.3 Transmutations
 + Level 3.3 Fire Magic
 + Level 3.3 Ice Magic
 + Level 3.3 Air Magic
 + Level 3.3 Earth Magic
 + Level 3.3 Poison Magic
 + Level 4.4 Invocations
 + Level 4.0 Evocations


You had 18 spell levels left.
You knew the following spells:

 Your Spells              Type           Power        Failure   Level  Hunger
a - Magic Dart            Conj           ####         1%          1    None
c - Conjure Flame         Conj/Fire      ####....     4%          3    None
d - Blink                 Tloc           N/A          1%          2    None

Your spell library contained the following spells:

 Spells                   Type           Power        Failure   Level  Hunger
 Call Imp                 Summ           ####....     1%          2    None
 Searing Ray              Conj           ####..       1%          2    None
 Slow                     Hex            ####....     2%          2    None
 Dazzling Spray           Conj/Hex       ####..       4%          3    None
 Mephitic Cloud           Conj/Pois/Air  ####....     4%          3    None
 Force Lance              Conj/Tloc      ####....     13%         4    ##.....
 Iskenderun's Mystic Bla  Conj           ####....     13%         4    ##.....
 Fulminant Prism          Conj/Hex       ####......   16%         4    ##.....


Dungeon Overview and Level Annotations

Branches:
Dungeon (6/15)
 Temple: D:4-7

Altars:
Fedhas
Gozag
Makhleb
Okawaru
Qazlal
Vehumet
Wu Jian
The Shining One


Innate Abilities, Weirdness & Mutations

Your experience applies equally to all skills.
You have very sharp teeth.
Your uncanny sense of smell can sniff out nearby items.


Message History

You miss the sky beast.
The sky beast is almost dead.
The sky beast hits you but does no damage.
You closely miss the sky beast.
The sky beast is almost dead.
The sky beast hits you. The sky beast shocks you.
* * * LOW HITPOINT WARNING * * *
You miss the sky beast.
The sky beast is almost dead.
You are feeling hungry.
The sky beast hits you.
* * * LOW HITPOINT WARNING * * *
The sky beast shocks you.
* * * LOW HITPOINT WARNING * * *
You hit the sky beast but do no damage.
The sky beast is almost dead.
The sky beast hits you.
* * * LOW HITPOINT WARNING * * *
The sky beast shocks you.
You die...

########### #.....#
#.........# #.....##
#.##......#####.....##
####.##................##
####......................##
#..#.#..................####
#..#.#.[...........#....# ##
#..#.#....Y####'####....###.
#..#.......@................
##..#...........>............
#...#............#######.....
##..#.....##.....# #........
#..........##########........
###.##.....# #......>....
#..'.....# #...........
####....## #...........
#....##### #...........


You could see a sky beast.

Vanquished Creatures
  A troll (D:5)
  Prince Ribbit (D:5)
  Sigmund (D:4)
  Eustachio (D:5)
  An ice beast (D:5)
  2 phantoms
  3 sky beasts (D:5)
  An ogre (D:5)
  A centaur (D:5)
  A bullfrog (D:6)
  2 scorpions
  A bullfrog zombie (D:6)
  A hound (D:6)
  A bullfrog skeleton (D:5)
  An orc wizard (D:3)
  2 iguanas (D:5)
  Natasha (thrice) (D:3)
  2 worker ants
  A hound zombie (D:5)
  A worker ant zombie (D:5)
  7 adders
  4 gnolls (D:5)
  2 shadow imps (D:5)
  2 adder skeletons (D:5)
  3 worms
  5 dart slugs
  2 leopard geckos
  8 orcs
  3 ball pythons
  11 bats
  4 giant cockroaches
  8 goblins
  6 hobgoblins
  4 jackals (D:1)
  2 quokkas
  6 frilled lizards (D:1)
  10 kobolds
  9 rats
124 creatures vanquished.

Notes
Turn   | Place    | Note
-------+----------+-------------------------------------------
     0 | D:1      | Kagalorn the Gnoll Wizard began the quest for the Orb.
     0 | D:1      | Reached XP level 1. HP: 13/13 MP: 8/8
    69 | D:1      | Reached XP level 2. HP: 19/19 MP: 3/10
   104 | D:1      | Learned a level 2 spell: Blink
   284 | D:1      | Reached XP level 3. HP: 21/25 MP: 0/11
   684 | D:2      | Reached skill level 1 in Invocations
   763 | D:2      | Reached skill level 1 in Fighting
   763 | D:2      | Reached skill level 1 in Short Blades
   763 | D:2      | Reached skill level 1 in Long Blades
   763 | D:2      | Reached skill level 1 in Axes
   763 | D:2      | Reached skill level 1 in Maces & Flails
   763 | D:2      | Reached skill level 1 in Polearms
   763 | D:2      | Reached skill level 1 in Staves
   763 | D:2      | Reached skill level 1 in Slings
   763 | D:2      | Reached skill level 1 in Bows
   763 | D:2      | Reached skill level 1 in Crossbows
   763 | D:2      | Reached skill level 1 in Throwing
   763 | D:2      | Reached skill level 1 in Armour
   763 | D:2      | Reached skill level 1 in Shields
   763 | D:2      | Reached skill level 1 in Unarmed Combat
   763 | D:2      | Reached skill level 1 in Evocations
   975 | D:2      | Reached XP level 4. HP: 32/32 MP: 10/13
  1419 | D:3      | Reached skill level 1 in Hexes
  1419 | D:3      | Reached skill level 1 in Charms
  1419 | D:3      | Reached skill level 1 in Necromancy
  1419 | D:3      | Reached skill level 1 in Transmutations
  1419 | D:3      | Reached skill level 1 in Fire Magic
  1419 | D:3      | Reached skill level 1 in Ice Magic
  1419 | D:3      | Reached skill level 1 in Air Magic
  1419 | D:3      | Reached skill level 1 in Earth Magic
  1419 | D:3      | Reached skill level 1 in Poison Magic
  1463 | D:3      | Noticed Natasha
  1470 | D:3      | Killed Natasha
  1470 | D:3      | Reached XP level 5. HP: 16/37 MP: 3/14
  1578 | D:3      | Learned a level 3 spell: Conjure Flame
  1616 | D:3      | Found an ornate altar of the Wu Jian Council.
  1652 | D:3      | Noticed Natasha
  1667 | D:3      | Killed Natasha
  1893 | D:3      | Found an iron altar of Okawaru.
  1894 | D:3      | Found an opulent altar of Gozag.
  1895 | D:3      | Found a burning altar of Makhleb.
  2332 | D:3      | Noticed Natasha
  2346 | D:3      | Killed Natasha
  2346 | D:3      | Reached XP level 6. HP: 39/44 MP: 6/16
  2360 | D:3      | Found a glowing golden altar of the Shining One.
  2421 | D:4      | Noticed a phantom
  2554 | D:4      | Noticed Sigmund
  2576 | D:4      | Reached skill level 5 in Dodging
  2703 | D:4      | Killed Sigmund
  2703 | D:4      | Reached XP level 7. HP: 26/50 MP: 3/18
  2824 | D:4      | Found a blossoming altar of Fedhas.
  3123 | D:5      | Entered Level 5 of the Dungeon
  3369 | D:5      | Found a stormy altar of Qazlal.
  3369 | D:5      | Noticed Eustachio
  3380 | D:5      | Noticed a troll
  3609 | D:5      | Reached skill level 5 in Stealth
  3748 | D:5      | Noticed Prince Ribbit
  3910 | D:5      | Killed Prince Ribbit
  3910 | D:5      | Reached XP level 8. HP: 58/58 MP: 11/19
  4726 | D:5      | Reached skill level 8 in Spellcasting
  5018 | D:5      | Killed a troll
  5182 | D:5      | Reached XP level 9. HP: 65/65 MP: 17/21
  5385 | D:5      | Killed Eustachio
  5567 | D:6      | Found a radiant altar of Vehumet.
  5688 | D:5      | HP: 2/65 [iguana (6)]
  5703 | D:5      | Slain by a sky beast

Levels and vault maps discovered:
D:1:      dpeg_arrival_simpleton_b, layout_rooms, hangedman_decor_growths
D:2:      wad_lake_hut, layout_basic, serial_park_tiny_1
D:3:      layout_basic, nicolae_overflow_hidden_temple, tso_oasis_becter,
          gammafunk_temple_overflow_claw, grunt_decor_one_mirror, uniq_natasha
D:4:      layout_rooms, marbit_many_paths, first_ration, uniq_sigmund
D:5:      layout_basic, grunt_qazlal_sundering, uniq_eustachio,
          uniq_prince_ribbit1
D:6:      layout_loops_ring, lemuel_doored_altar, enter_ossuary_1,
          uniq_blork_the_orc, uniq_crazy_yiuf_cottage

Skill      XL: |  1  2  3  4  5  6  7  8  9 |
---------------+----------------------------+-----
Conjurations   | 2 3 4 |  4.0
Summonings     | 2 3 4 |  4.0
Translocations | 2 3 4 |  4.0
Invocations    | 1 2 3 4 |  4.4
Fighting       | 1 2 3 4 |  4.0
Short Blades   | 1 2 3 4 |  4.0
Long Blades    | 1 2 3 4 |  4.0
Axes           | 1 2 3 4 |  4.0
Maces & Flails | 1 2 3 4 |  4.0
Polearms       | 1 2 3 4 |  4.0
Staves         | 1 2 3 4 |  4.0
Slings         | 1 2 3 4 |  4.0
Bows           | 1 2 3 4 |  4.0
Crossbows      | 1 2 3 4 |  4.0
Throwing       | 1 2 3 4 |  4.0
Armour         | 1 2 3 4 |  4.0
Shields        | 1 2 3 4 |  4.0
Unarmed Combat | 1 2 3 4 |  4.0
Evocations     | 1 2 3 4 |  4.0
Hexes          | 1 2 3 |  3.3
Charms         | 1 2 3 |  3.3
Necromancy     | 1 2 3 |  3.3
Transmutations | 1 2 3 |  3.3
Fire Magic     | 1 2 3 |  3.3
Ice Magic      | 1 2 3 |  3.3
Air Magic      | 1 2 3 |  3.3
Earth Magic    | 1 2 3 |  3.3
Poison Magic   | 1 2 3 |  3.3
Dodging        | 5 6 |  6.1
Stealth        | 5 |  5.8
Spellcasting   | 8 |  8.3

Action                   |  1- 3 |  4- 6 |  7- 9 || total
-------------------------+-------+-------+-------++-------
Melee: Hand axe          |    11 |    27 |    13 ||    51
       Bite              |       |     3 |     4 ||     7
       Mace              |       |       |    18 ||    18
       Punch             |       |       |     1 ||     1
 Cast: Magic Dart        |    72 |   130 |   307 ||   509
       Conjure Flame     |       |     4 |    14 ||    18
  Use: Potion            |       |     3 |     1 ||     4
       Scroll            |       |       |     8 ||     8
  Eat: Chunk             |       |     3 |     1 ||     4
       Ration            |       |     1 |     2 ||     3
Armor: Robe              |     5 |    19 |     1 ||    25
       Leather armour    |       |       |    43 ||    43
Dodge: Dodged            |    25 |    73 |   140 ||   238
